 Dungeon Crawl Stone Soup version 0.26-a0-667-g92642533e4 (console) character file.

Game seed: 16812060763850799257

33391 om the Basher (level 13, -1/78 HPs)
             Began as a Gargoyle Fighter on Oct 16, 2020.
             Was an Initiate of Gozag.
             Slain by a sun demon (11 damage)
             ... on level 3 of the Abyss.
             The game lasted 00:42:45 (21790 turns).

om the Basher (Gargoyle Fighter)                   Turns: 21790, Time: 00:42:45

Health: -1/78      AC: 32    Str: 26    XL:     13   Next: 70%
Magic:  13/13      EV: 13    Int:  9    God:    Gozag
Gold:   1462       SH: 13    Dex: 17    Spells: 12/12 levels left

rFire    . . .     SeeInvis .   a - +4 morningstar (protect)
rCold    + + .     Faith    .   c - +1 kite shield
rNeg     + . .     Spirit   .   o - +0 plate armour
rPois    ∞         Reflect  .   S - -1 hat "Peolo" {rC+ rCorr}
rElec    +         Harm     .   J - +0 cloak {rPois}
rCorr    +         Rampage  .   (no gloves)
MR       +....                  (no boots)
Stlth    ..........             A - amulet of Debrekku {RegenMP rC+ MR+ Str+3}
HPRegen  0.23/turn              l - +4 ring of evasion
MPRegen  0.38/turn              F - +6 ring of dexterity

@: protection aura, lightly drained
A: negative energy resistance 1, electricity resistance, unbreathing,
petrification resistance, rot immunity, AC +9
a: Potion Petition, Call Merchant, Bribe Branch, Renounce Religion


You were on level 3 of the Abyss.
You worshipped Gozag.
Gozag was most pleased with you.
You visited 3 branches of the dungeon, and saw 17 of its levels.
You visited the Abyss 1 time.

You collected 5121 gold pieces.
You spent 769 gold pieces at shops.
You paid 2890 gold pieces to Gozag.

Inventory:

Hand Weapons
 a - a +4 morningstar of protection (weapon)
 b - a +0 hand crossbow
 u - a +0 flail
 T - the +8 whip of Revolt {drain, rN+}
   (You found it on level 3 of the Lair of Beasts)

   A truly terrible weapon, it drains the life of those it strikes.
   It protects you from negative energy.
Missiles
 z - 226 bolts
Armour
 c - a +1 kite shield (worn)
 o - a +0 plate armour (worn)
 J - a +0 cloak of poison resistance (worn)
 S - the -1 hat "Peolo" (worn) {rC+ rCorr}
   (You found it on level 3 of the Lair of Beasts)

   It protects you from cold.
   It provides partial protection from all sources of acid and corrosion.
Jewellery
 l - a +4 ring of evasion (left hand)
 q - an uncursed ring of fire
 x - an uncursed ring of protection from cold
 A - the amulet of Debrekku (around neck) {RegenMP rC+ MR+ Str+3}
   (You found it on level 1 of the Lair of Beasts)

   [amulet of magic regeneration]

   It increases your magic regeneration.
   It affects your strength (+3).
   It protects you from cold.
   It affects your resistance to hostile enchantments.
 D - an uncursed amulet of guardian spirit
 E - a +6 ring of intelligence
 F - a +6 ring of dexterity (right hand)
 I - an uncursed amulet of the acrobat
 O - an uncursed ring of fire
 P - an uncursed ring of resist corrosion
Wands
 e - a wand of enslavement (8)
 r - a wand of flame (21)
 s - a wand of disintegration (15)
 B - a wand of paralysis (10)
 L - a wand of digging (6)
 R - a wand of polymorph (11)
Scrolls
 d - 5 scrolls of magic mapping
 g - 4 scrolls of fear
 i - 7 scrolls of teleportation
 k - 7 scrolls of remove curse
 m - a scroll of enchant weapon
 n - 5 scrolls of fog
 v - a scroll of blinking
 w - 4 scrolls of enchant armour
 y - 2 scrolls of immolation
 C - 2 scrolls of amnesia
 N - a scroll of brand weapon
Potions
 h - 4 potions of stabbing
 j - 7 potions of curing
 p - 2 potions of brilliance
 t - 2 potions of haste
 G - 3 potions of flight
 H - a potion of resistance {unknown}
 K - a potion of magic {unknown}
 M - a potion of berserk rage {unknown}
 Q - 6 potions of ambrosia


   Skills:
 - Level 8.0(7.8) Fighting
 + Level 13.3(13.1) Maces & Flails
 - Level 6.0(5.8) Crossbows
 - Level 13.0(12.8) Armour
 - Level 5.0(4.8) Dodging
 - Level 8.0(7.8) Shields
 - Level 7.0(6.8) Evocations


You had 12 spell levels left.
You didn't know any spells.
Your spell library contained the following spells:

 Spells                   Type           Power        Failure   Level
 Animate Skeleton         Necr           #.....       100%        1
 Apportation              Tloc           #.....       100%        1
 Corona                   Hex            #......      100%        1
 Pain                     Necr           #...         100%        1
 Summon Small Mammal      Summ           #...         100%        1
 Confusing Touch          Hex            #.......     100%        3
 Gell's Gravitas          Tloc           #.........   100%        3
 Vampiric Draining        Necr           #.........   100%        3
 Animate Dead             Necr           #.........   100%        4
 Petrify                  Tmut/Erth      #.......     100%        4
 Agony                    Necr           #.......     100%        5
 Metabolic Englaciation   Hex/Ice        #.........   100%        5
 Yara's Violent Unravell  Hex/Tmut       #.........   100%        5


Dungeon Overview and Level Annotations

Branches:
Dungeon (12/15)            Temple (0/1) D:5            Lair (3/6) D:11
  Swamp (0/4) Lair:2       Spider (0/4) Lair:2          Orc (2/2) D:10
    Elf (0/3) Orc:2

Altars:
Ashenzari
Gozag
Kikubaaqudgha
Nemelex Xobeh
Ru
Sif Muna
Vehumet
Wu Jian
The Shining One
Beogh

Shops:
D:4 ?   D:5 ([   D:8 =   D:9 (   D:11 :   Orc:1 =   Orc:2 }((?   Lair:3 ?

Annotations:
D:12 Jorgrun
Lair:3 3 runed translucent doors, Dikli's ghost, journeyman MiBe; Huasawuy's ghost, journeyman TrWz


Innate Abilities, Weirdness & Mutations

You are resistant to torment.
Your stone body is resilient. (AC +9)
You are immune to poison.
You resist negative energy. (rN+)
You are resistant to electric shocks. (rElec)
You can survive without breathing.
You are immune to petrification.
You are immune to rotting.


Message History

The necromancer gestures wildly while chanting.
The necromancer flickers and vanishes!
Deactivating autopickup; reactivate with Ctrl-A.
The necromancer casts a spell.
The necromancer flickers and vanishes!
The sun demon hits you.
You are engulfed in flames!!
* * * LOW HITPOINT WARNING * * *
A green death comes into view.
The hell knight barely misses you.
The small abomination barely misses you.
You block the hell knight's attack.
You sock the small abomination!
The small abomination is severely damaged.
You block the sun demon's attack.
The small abomination barely misses you.
You block the hell knight's attack. The hell knight barely misses you.
You hit the small abomination.
The small abomination is almost destroyed.
The sun demon hits you!
You die...
Your body crumbles into a pile of gold.

.##..# [#.......§... #
. . .....#........§..#
.###.....#..$....§#...#
. ..... .#$...2......#
#....#..............# #
......#....... ..# ##..
......#.#......#
.....p........ . #
######pp.#.###. ..#
#x3p.#....# ..
#@#p..... ####.## .. #
# $


You could see a green death, 4 hell knights, a sun demon and a small
abomination.

Vanquished Creatures
  The ghost of Foabaekk the Unseen, a journeyman GrMo of Gozag (Lair:2)
  The ghost of Ixoagrun the Bludgeoner, a journeyman MiFi of Okawaru (Lair:2)
  Erolcha (Orc:2)
  2 hydras
  A death knight (D:10)
  A two-headed ogre (D:10)
  An ogre mage (Orc:2)
  Nergalle (Lair:1)
  An orc knight (Orc:1)
  A wolf spider (Lair:3)
  A cyclops (Orc:2)
  10 orc sorcerers
  An apocalypse crab (Abyss:3)
  A smoke demon (Abyss:3)
  A gargoyle (D:12)
  5 cane toads
  A komodo dragon (Lair:3)
  4 jumping spiders
  A queen bee (Lair:2)
  4 trolls
  The ghost of Demosthentine the Shield-Bearer, an amateur FoFi (D:3)
  A polar bear (Lair:3)
  3 blink frogs (Lair:1)
  A bog body (Lair:2)
  Sigmund (D:3)
  A wyvern (Lair:3)
  4 redbacks (Lair:2)
  25 yaks
  A tarantella (Lair:3)
  A neqoxec (Abyss:3)
  A warg (D:10)
  3 water moccasins
  An ice beast (D:7)
  18 orc warriors
  A sky beast (D:10)
  2 phantoms
  4 black bears
  6 centaurs
  13 ogres
  15 wolves
  3 big kobolds
  18 bullfrogs
  4 scorpions
  5 wights (D:11)
  26 killer bees
  3 electric eels (Lair:1)
  A centaur zombie (D:7)
  A crimson imp (D:4)
  A jelly (D:10)
  34 orc wizards
  3 bullfrog zombies
  6 hounds
  14 orc priests
  A bullfrog skeleton (D:8)
  Terence (D:3)
  3 centaur skeletons
  3 iguanas (D:6)
  7 worker ants
  2 hound zombies
  4 gnolls
  7 adders
  A shadow imp (D:4)
  3 white imps
  3 ufetubi
  2 adder skeletons
  An adder zombie (D:7)
  3 worms
  3 dart slugs
  3 leopard geckos
  100 orcs
  11 giant cockroaches
  14 hobgoblins
  17 jackals
  23 kobolds
  5 quokkas
  3 ball pythons
  8 bats
  5 frilled lizards
  11 goblins
  A goblin skeleton (D:4)
  4 hobgoblin zombies (D:4)
  A jackal skeleton (D:4)
  2 kobold zombies (D:4)
  A leopard gecko skeleton (D:4)
  An orc skeleton (D:4)
  11 rats
527 creatures vanquished.

Vanquished Creatures (others)
  An orc wizard (Orc:2)
  An orc (Orc:1)
  2 fungi
  5 plants
9 creatures vanquished.

Grand Total: 536 creatures vanquished

Notes
Turn   | Place    | Note
-------+----------+-------------------------------------------
     0 | D:1      | om the Gargoyle Fighter began the quest for the Orb.
     0 | D:1      | Reached XP level 1. HP: 14/14 MP: 1/1
    76 | D:1      | Reached XP level 2. HP: 12/19 MP: 2/2
   510 | D:1      | Reached XP level 3. HP: 5/23 MP: 3/3
  1600 | D:2      | Reached XP level 4. HP: 29/29 MP: 4/4
  2185 | D:3      | Noticed Sigmund
  2255 | D:3      | Found a runed translucent gate.
  2255 | D:3      | Found a runed translucent gate.
  2256 | D:3      | Found a runed translucent gate.
  2256 | D:3      | You fall into a shaft and drop 2 floors!
  2256 | D:5      | Entered Level 5 of the Dungeon
  2363 | D:3      | Noticed Terence
  2385 | D:3      | Killed Terence
  2385 | D:3      | Reached XP level 5. HP: 28/33 MP: 5/5
  2683 | D:3      | Found an opulent altar of Gozag.
  2724 | D:3      | Noticed Demosthentine's ghost (amateur FoFi)
  2736 | D:3      | Killed Demosthentine's ghost
  2736 | D:3      | Reached XP level 6. HP: 23/38 MP: 6/6
  2934 | D:3      | Became a worshipper of Gozag Ym Sagoz the Greedy
  3143 | D:3      | Killed Sigmund
  3143 | D:3      | Reached skill level 5 in Maces & Flails
  3143 | D:3      | Reached skill level 5 in Armour
  3143 | D:3      | Reached skill level 5 in Shields
  3143 | D:3      | Reached XP level 7. HP: 38/43 MP: 7/7
  3423 | D:4      | Found a glowing golden altar of the Shining One.
  3528 | D:4      | Found Wynyidio's Magic Scroll Boutique.
  3531 | D:4      | Bought a scroll of identify for 22 gold pieces
  3531 | D:4      | Bought a scroll of blinking for 82 gold pieces
  3531 | D:4      | Bought a scroll of identify for 22 gold pieces
  3531 | D:4      | Bought a scroll of remove curse for 33 gold pieces
  3902 | D:5      | Found a staircase to the Ecumenical Temple.
  3902 | D:5      | Found Igiex's Antique Armour Shop.
  3934 | D:5      | Reached skill level 5 in Fighting
  4259 | D:5      | Found Cephoggo's Antique Weapon Shop.
  4348 | D:5      | Reached skill level 1 in Crossbows
  4348 | D:5      | Reached XP level 8. HP: 33/51 MP: 8/8
  5236 | D:6      | Found an ornate altar of the Wu Jian Council.
  5502 | D:6      | Reached skill level 5 in Crossbows
  6056 | D:7      | Reached skill level 1 in Dodging
  6229 | D:7      | Reached XP level 9. HP: 53/56 MP: 9/9
  6558 | D:7      | Found a broken altar of Ashenzari.
  6598 | D:7      | Found a sacrificial altar of Ru.
  6686 | D:7      | Found a sparkling altar of Nemelex Xobeh.
  7505 | D:8      | Noticed a troll
  7535 | D:8      | Killed a troll
  7963 | D:8      | Found Zyqaipna's Jewellery Shoppe.
  8100 | D:8      | Found an opulent altar of Gozag.
  8285 | D:9      | Reached XP level 10. HP: 46/63 MP: 10/10
  8868 | D:10     | Entered Level 10 of the Dungeon
  9276 | D:10     | Reached skill level 5 in Dodging
  9378 | D:10     | Found a staircase to the Orcish Mines.
 10105 | D:10     | Noticed a two-headed ogre
 10122 | D:10     | Killed a two-headed ogre
 10122 | D:10     | Reached skill level 10 in Armour
 10900 | D:9      | Bought a +4 morningstar of protection for 482 gold pieces
 10910 | D:10     | Reached XP level 11. HP: 68/68 MP: 11/11
 11214 | D:11     | Noticed a death knight
 11257 | D:10     | Killed a death knight
 11511 | D:11     | Found a staircase to the Lair.
 11722 | Orc:1    | Entered Level 1 of the Orcish Mines
 11722 | Orc:1    | Found Cyileoh's Jewellery Emporium.
 11854 | Orc:1    | Found a shimmering blue altar of Sif Muna.
 11870 | Orc:1    | Noticed an orc sorcerer
 11901 | Orc:1    | Paralysed by an orc sorcerer for 3 turns
 12050 | Lair:1   | Entered Level 1 of the Lair of Beasts
 12436 | Lair:1   | Reached skill level 5 in Evocations
 12862 | D:11     | Found Likhaun Beym's Book Boutique.
 13210 | D:12     | Noticed Jorgrun
 13574 | D:12     | HP: 2/68 [Jorgrun/iron shot (6)]
 14243 | Lair:1   | Got a twitching copper amulet
 14267 | Lair:1   | Noticed Nergalle
 14273 | Lair:1   | Noticed a spectral orc warlord
 14280 | Lair:1   | Killed Nergalle
 14288 | Lair:1   | Identified the amulet of Debrekku {RegenMP rC+ MR+ Str+3}
                  | (You found it on level 1 of the Lair of Beasts)
 14469 | Lair:1   | Reached XP level 12. HP: 58/73 MP: 12/12
 14845 | Lair:2   | Found a hole to the Spider Nest.
 14954 | Lair:2   | Noticed a four-headed hydra
 14967 | Lair:2   | Killed a four-headed hydra
 15242 | Lair:2   | Found a staircase to the Swamp.
 16780 | Orc:1    | Reached skill level 10 in Maces & Flails
 16940 | Orc:2    | Entered Level 2 of the Orcish Mines
 17765 | Orc:2    | Paralysed by an orc sorcerer for 3 turns
 17768 | Orc:2    | Noticed a sun demon
 17874 | Orc:2    | Found a staircase to the Elven Halls.
 18224 | Orc:2    | Paralysed by an orc sorcerer for 6 turns
 18228 | Orc:2    | HP: 3/73 [hellwing[an orc sorcerer] (5)]
 18997 | Orc:2    | Found an ancient bone altar of Kikubaaqudgha.
 19008 | Orc:2    | Paralysed by an orc sorcerer for 4 turns
 19018 | Orc:2    | Reached XP level 13. HP: 40/78 MP: 13/13
 19204 | Orc:2    | Found Tyrrabri's Antique Weapon Emporium.
 19252 | Orc:2    | Found a radiant altar of Vehumet.
 19253 | Orc:2    | Noticed Erolcha
 19290 | Orc:2    | Killed Erolcha
 19420 | Orc:2    | Found Guge's Gadget Shoppe.
 19455 | Orc:2    | Found a roughly hewn altar of Beogh.
 19455 | Orc:2    | Found Wohe Quts's Antique Weapon Emporium.
 19495 | Orc:2    | Found Piadgh's Magic Scroll Shoppe.
 19507 | Orc:2    | Bought a scroll of identify for 24 gold pieces
 19507 | Orc:2    | Bought a scroll of identify for 24 gold pieces
 19507 | Orc:2    | Bought a scroll of identify for 24 gold pieces
 19663 | Orc:1    | Found a roughly hewn altar of Beogh.
 20307 | Lair:3   | Bought a scroll of identify for 28 gold pieces
 20307 | Lair:3   | Bought a scroll of identify for 28 gold pieces
 20554 | Lair:3   | Found a runed translucent gate.
 20555 | Lair:3   | Found a runed translucent gate.
 20556 | Lair:3   | Found a runed translucent gate.
 20756 | Lair:3   | Got a faintly glowing hat
 20758 | Lair:3   | Got an iridescent whip
 20759 | Lair:3   | Identified the +8 whip of Revolt {drain, rN+} (You found it
                  | on level 3 of the Lair of Beasts)
 20765 | Lair:3   | Identified the -1 hat "Peolo" {rC+ rCorr} (You found it on
                  | level 3 of the Lair of Beasts)
 20802 | Lair:3   | Found a runed translucent gate.
 20811 | Lair:3   | Found a runed translucent gate.
 20812 | Lair:3   | Found a runed translucent gate.
 20864 | Lair:3   | Noticed Foabaekk's ghost (journeyman GrMo)
 20864 | Lair:3   | Noticed Dikli's ghost (journeyman MiBe)
 20865 | Lair:3   | Noticed Ixoagrun's ghost (journeyman MiFi)
 20865 | Lair:3   | Noticed Huasawuy's ghost (journeyman TrWz)
 21238 | Lair:2   | Found a hole to the Spider Nest.
 21284 | Lair:2   | Killed Foabaekk's ghost
 21576 | Lair:2   | Killed Ixoagrun's ghost
 21677 | Lair:3   | Cast into level 3 of the Abyss (Dikli's ghost)
 21788 | Abyss:3  | Noticed a green death
 21790 | Abyss:3  | Slain by a sun demon

Illustrated notes

Levels and vault maps discovered:
D:1:      scummos_arrival_hexagon, layout_loops_ring, roderic_lattice_a,
          kennysheep_doodads
D:2:      layout_basic, chequers_serial_rivers_micro_a
D:3:      layout_rooms, ebering_ghost_gozag, st_stairs_12, uniq_sigmund,
          uniq_terence
D:4:      layout_loops_ring, nicolae_tso_besieged_by_evil, serial_shops,
          kennysheep_mini_moat, minmay_cupped
D:5:      wad_pebble_path, layout_cave_pools, temple_fountains, serial_shops,
          shop, shop, serial_column_ruins, column_ruins_hut, column_ruins_hut,
          column_ruins_open_medium, column_ruins_columns_straight,
          column_ruins_grid_1, column_ruins_open_large, column_ruins_grid_3,
          column_ruins_columns_water
D:6:      layout_cave_pods, overflow_temple_1_default
D:7:      layout_cave_pods, nicolae_ru_great_annihilating_truth,
          ashenzari_conservatory_becter, old_standard_altar,
          minmay_unpleasant_kobolds
D:8:      layout_loops_ring, lemuel_coloured_pillars_altar, serial_shops,
          nicolae_shop_trees
D:9:      layout_basic
D:10:     layout_loops_corners, erik_orc_3
D:11:     layout_rooms, lair_entry_dummy, serial_shops, nicolae_shop_trees,
          hangedman_abyss_or_decor_stagger
D:12:     layout_long_grid, st_stairs_5, hex_medium, kennysheep_generic_room_3,
          uniq_frances, uniq_jorgrun, uniq_psyche
Lair:1:   layout_hall_layers, serial_bayou_shore_a, uniq_nergalle
Lair:2:   layout_concentric_octagons, skrybe_swamp_entry_bodies,
          nicolae_spider_entry_tight_spaces, special_room [special_room_bee],
          minmay_lindwurm_lava
Lair:3:   gammafunk_indiana_jones, layout_hall_layers, gammafunk_ghost_cemetery
Orc:1:    cheibrodos_orc_bank, layout_caves, serial_shops, shop, basic_altar,
          led_sif_book
Orc:2:    kennysheep_orc_mage_school, layout_caves
Abyss:3:  base: D:10, gammafunk_abyss_rune_reverse_zot

Skill      XL: |  1  2  3  4  5  6  7  8  9 10 11 12 13 |
---------------+----------------------------------------+-----
Maces & Flails | 3 4 5 6 7 8 11 13 | 13.3
Fighting       | 4 5 6 7 8 |  8.0
Armour         | 4 5 7 10 13 | 13.0
Shields        | 4 5 8 |  8.0
Crossbows      | 1 5 6 |  6.0
Dodging        | 1 4 5 |  5.0
Evocations     | 2 6 7 |  7.0

Action                   |  1- 3 |  4- 6 |  7- 9 | 10-12 | 13-15 || total
-------------------------+-------+-------+-------+-------+-------++-------
Melee: Flail             |   163 |   180 |   588 |   326 |       ||  1257
       Morningstar       |       |       |       |   836 |   289 ||  1125
       Whip              |       |       |       |       |    15 ||    15
Invok: Call Merchant     |       |       |       |     1 |     1 ||     2
       Potion Petition   |       |       |       |     3 |       ||     3
Evoke: Wand              |       |       |       |     7 |       ||     7
  Use: Potion            |     1 |     1 |     2 |    13 |     2 ||    19
       Scroll            |       |     5 |     8 |     8 |     8 ||    29
 Stab: Distracted        |       |       |     1 |     6 |     2 ||     9
       Paralysed         |       |       |     1 |       |       ||     1
       Invisible         |       |       |       |     2 |     1 ||     3
Armor: Scale mail        |    96 |    15 |       |       |       ||   111
       Plate armour      |       |   139 |   467 |   691 |   149 ||  1446
       Skin              |       |       |       |     7 |       ||     7
Dodge: Dodged            |    55 |    33 |   148 |   578 |   141 ||   955
Block: Kite shield       |   108 |    88 |   384 |   819 |   170 ||  1569

Table legend: (Time is in decaauts)
 A = Elapsed time spent in this place.
 B = Non-inter-level travel time spent in this place.
 C = Inter-level travel time spent in this place.
 D = Time resting spent in this place.
 E = Time spent auto-exploring this place.
 F = Levels seen in this place.
 G = Mean time per level.
                   A        B        C        D        E       F      G
               +--------+--------+--------+--------+--------+-----+--------+
         Total |  22132 |  20752 |   1380 |   5164 |  10405 |  18 | 1229.6 |
       Dungeon |  14197 |  13140 |   1057 |   2910 |   7106 |  12 | 1183.1 |
          Lair |   4082 |   3949 |    133 |    935 |   1997 |   3 | 1360.7 |
  Orcish Mines |   3737 |   3547 |    190 |   1267 |   1293 |   2 | 1868.5 |
         Abyss |    115 |    115 |      0 |     52 |      9 |   1 |  115.0 |
               +--------+--------+--------+--------+--------+-----+--------+

Top non-repeatable levels by time:
   Orc:1: 2411 daAuts
  Lair:2: 2320 daAuts
    D:10: 2295 daAuts
    D:11: 2108 daAuts
   Orc:2: 1325 daAuts
     D:7: 1322 daAuts
     D:1: 1302 daAuts
     D:3: 1169 daAuts
     D:6: 1158 daAuts
     D:9: 1100 daAuts
     D:8: 990 daAuts
  Lair:1: 980 daAuts
     D:2: 927 daAuts
     D:5: 818 daAuts
  Lair:3: 780 daAuts
